 Dungeon Crawl Stone Soup version 0.30.0-10-gfe55d96785 (webtiles) character file.

Game seed: 9711273070352109130

489 qw the Chopper (level 7, 0/43 HPs)
             Began as a Gargoyle Cinder Acolyte on May 17, 2023.
             Was an Elder of Ignis.
             Slain by Edmund
             ... wielding a +2 flail of protection
              (2 damage)
             ... on level 4 of the Dungeon.
             The game lasted 00:02:16 (4324 turns).

qw the Chopper (Gargoyle Cinder Acolyte)            Turns: 4324, Time: 00:02:16

Health: 0/43       AC: 26    Str: 20    XL:     7   Next: 14%
Magic:  8/8        EV:  6    Int: 14    God:    Ignis [****..]
Gold:   193        SH:  0    Dex:  5    Spells: 8/8 levels left

rFire   + + .        Y - +0 hand axe (flame)
rCold   . . .        (no shield)
rNeg    + . .        h - +0 plate armour
rPois   inf          (no helmet)
rElec   +            e - +1 cloak
rCorr   .            (no gloves)
SInv    .            f - +0 pair of boots
Will    .....        (no amulet) Stlth
                     b - ring of protection from fire
HPRegen 0.27/turn    (no ring)
MPRegen 0.11/turn

%: no passive effects
@: fiery-armoured
A: sickness immunity, AC +4, negative energy resistance 1, electricity
resistance, torment resistance 1, petrification resistance
a: Renounce Religion, Fiery Armour, Foxfire Swarm, Rising Flame


You were on level 4 of the Dungeon.
You worshipped Ignis.
Ignis was greatly pleased with you.
You visited 1 branch of the dungeon, and saw 4 of its levels.

You collected 193 gold pieces.


Innate Abilities, Weirdness & Mutations

You are immune to sickness and miasma.
Your stone body is resilient. (AC +4)
You are immune to poison.
You resist negative energy. (rN+)
You are resistant to electric shocks. (rElec)
You are resistant to unholy torment.
You are immune to petrification.


   Skills:
 - Level 4.2 Fighting
 + Level 5.8 Axes
 - Level 3.9 Armour
 - Level 1.0 Spellcasting
 - Level 3.0 Fire Magic


You had 8 spell levels left.
You didn't know any spells.
Your spell library contained the following spells:

 Spells                   Type           Power      Damage    Failure   Level
 Scorch                   Fire           18%        2d6       97%         2

Inventory:

Hand Weapons
 Y - a +0 hand axe of flaming (weapon)
Missiles
 i - 9 boomerangs (quivered)
Armour
 e - a +1 cloak (worn)
 f - a +0 pair of boots (worn)
 h - a +0 plate armour (worn)
Jewellery
 b - a ring of protection from fire (left hand)
Scrolls
 a - a scroll of fog {unknown}
 k - 2 scrolls of identify
Potions
 c - 3 potions of curing
 d - a potion of flight {unknown}
 j - a potion of mutation {unknown}
 m - a potion of cancellation {unknown}

Dungeon Overview and Level Annotations

Branches:
Dungeon (4/15)
 Temple: D:4-7

Altars:
Gozag
Trog

Annotations:
D:3 3 runed translucent doors, qw's ghost, amateur GrCA
D:4 Edmund


Message History

Edmund is heavily wounded.
Edmund hits you with a +2 flail of protection.
You slash Edmund! You burn Edmund.
Edmund is severely wounded.
Edmund hits you but does no damage.
You hit Edmund but do no damage.
Edmund is severely wounded.
Edmund closely misses you.
You closely miss Edmund.
Edmund is severely wounded.
Edmund hits you with a +2 flail of protection!
4318 ||| INVOKING Fiery Armour.
A protective cloak of flame settles atop you.
Edmund hits you with a +2 flail of protection.
You closely miss Edmund.
Edmund is severely wounded.
Edmund barely misses you.
You barely miss Edmund.
Edmund is severely wounded.
Edmund hits you with a +2 flail of protection!
Edmund is burned by your cloak of flames.
Edmund is severely wounded.
You hit Edmund. You burn Edmund.
Edmund is almost dead.
Edmund barely misses you.
You barely miss Edmund.
Edmund is almost dead.
Edmund hits you with a +2 flail of protection.
Edmund is burned by your cloak of flames.
Edmund is almost dead.
You closely miss Edmund.
Edmund is almost dead.
Edmund says, "Everyone always remembers my brother. 'Who's Edmund?' they ask!"
Edmund hits you with a +2 flail of protection.
Edmund is burned by your cloak of flames.
Edmund is almost dead.
You closely miss Edmund.
Edmund is almost dead.
Edmund hits you with a +2 flail of protection.
You die...

####.#### #.##.#
#.#.#.####
#..###.#.##
######.##......#
#.......#.#.#.##
#.###.......#.#
...#.##........#.#
#####
......@@.......#.#
#....
...#.####......#.#
#.### #.####......#.#
#.#
#......######)###.###
######'## #)..)...#
##...## #####.#.#
##.....## ##.#.#
#.......## ##..#.#
#.........####......


You could see Edmund.

Vanquished Creatures
  Sigmund (D:2)
  An ogre (D:4)
  2 orc priests (D:4)
  Natasha (twice) (D:2)
  3 gnolls (D:2)
  3 adders
  An ufetubus (D:4)
  5 dart slugs
  3 orcs (D:4)
  5 bats
  9 endoplasms
  5 giant cockroaches
  9 goblins
  6 hobgoblins
  2 jackals (D:1)
  2 kobolds
  2 quokkas (D:2)
  3 ball pythons
  5 frilled lizards
  4 rats
73 creatures vanquished.

Notes
Turn   | Place    | Note
-------+----------+-------------------------------------------
     0 | D:1      | qw the Gargoyle Cinder Acolyte began the quest for the Orb.
     0 | D:1      | Reached XP level 1. HP: 14/14 MP: 2/2
     0 | D:1      | 0 ||| qw: Version: 0.2-a-95-g206ef33
     0 | D:1      | 0 ||| qw: Game counter: 169
     0 | D:1      | 0 ||| qw: Always use a shield: true
     0 | D:1      | 0 ||| qw: God list: Okawaru
     0 | D:1      | 0 ||| qw: Allow faded altars: false
     0 | D:1      | 0 ||| qw: Do Orc after D:15 true
     0 | D:1      | 0 ||| qw: Do second Lair branch before Depths: true
     0 | D:1      | 0 ||| qw: Lair rune preference: random
     0 | D:1      | 0 ||| qw: Plans: Normal
     0 | D:1      | 0 ||| PLANNING D:1-11
    45 | D:1      | Reached skill level 3 in Axes
    55 | D:1      | Reached XP level 2. HP: 14/19 MP: 3/3
   205 | D:1      | 205 ||| INVOKING Fiery Armour.
   303 | D:1      | 303 ||| UPGRADING to +1 cloak.
   308 | D:1      | 308 ||| UPGRADING to +0 pair of boots.
   320 | D:1      | 320 ||| READING scroll labelled QUSALAJAIG.
   466 | D:1      | 466 ||| Stepping ~*~*~tactically~*~*~ (hiding).
   478 | D:1      | Reached XP level 3. HP: 23/23 MP: 4/4
   562 | D:1      | Found a faded altar of an unknown god.
   970 | D:1      | 970 ||| READING scroll labelled WIF SASEMOLAE.
   971 | D:1      | 971 ||| READING scroll labelled WEIQAJAXZE.
   980 | D:1      | 980 ||| READING scroll labelled FAOSAU SASHA.
   981 | D:1      | 981 ||| DRINKING 2 glowing grey potions.
  1025 | D:1      | 1025 ||| Stepping randomly (stuck).
  1070 | D:1      | 1070 ||| UPGRADING to +0 ring mail.
  1080 | D:1      | 1080 ||| DROPPING +0 robe.
  1203 | D:2      | 1203 ||| READING scroll labelled MOZXIP LAFAZ.
  1211 | D:2      | 1211 ||| STAIRDANCE
  1221 | D:2      | 1221 ||| Stepping ~*~*~tactically~*~*~ (hiding).
  1333 | D:2      | 1333 ||| Stepping ~*~*~tactically~*~*~ (stealth).
  1440 | D:2      | Reached skill level 1 in Armour
  1561 | D:2      | 1561 ||| STAIRDANCE
  1615 | D:2      | Reached skill level 4 in Axes
  1774 | D:2      | Noticed Sigmund
  1775 | D:2      | 1775 ||| PLANNING D:1-11
  1775 | D:2      | 1775 ||| UPGRADING to +0 plate armour.
  1776 | D:2      | 1776 ||| UPGRADING to +0 plate armour.
  1776 | D:2      | Noticed Natasha
  1783 | D:2      | 1783 ||| INVOKING Fiery Armour.
  1783 | D:2      | HP: 4/23 [Natasha (2)]
  1785 | D:2      | Killed Natasha
  1786 | D:2      | Reached XP level 4. HP: 6/28 MP: 5/5
  1791 | D:2      | Killed Sigmund
  1792 | D:2      | Reached skill level 5 in Axes
  1792 | D:2      | Reached XP level 5. HP: 10/32 MP: 6/6
  1792 | D:2      | Reached XP level 6. HP: 11/37 MP: 7/7
  1792 | D:2      | 1792 ||| DRINKING 2 potions of curing.
  1792 | D:2      | 1792 ||| (to cure confusion)
  1850 | D:2      | 1850 ||| UPGRADING to +0 plate armour.
  1860 | D:2      | 1860 ||| DROPPING +0 ring mail.
  1997 | D:2      | Found an opulent altar of Gozag.
  2071 | D:2      | Noticed Natasha
  2082 | D:2      | Killed Natasha
  2103 | D:2      | 2103 ||| Stepping ~*~*~tactically~*~*~ (hiding).
  2104 | D:2      | 2104 ||| Stepping ~*~*~tactically~*~*~ (hiding).
  2105 | D:2      | 2105 ||| Stepping ~*~*~tactically~*~*~ (hiding).
  2108 | D:2      | 2108 ||| INVOKING Fiery Armour.
  2286 | D:2      | 2286 ||| UPGRADING to ring of protection from fire.
  2409 | D:3      | Found a runed translucent gate.
  2409 | D:3      | Found a runed translucent gate.
  2412 | D:3      | Found a runed translucent gate.
  2415 | D:3      | Noticed qw's ghost (amateur GrCA)
  3113 | D:3      | 3113 ||| Stepping ~*~*~tactically~*~*~ (hiding).
  3114 | D:3      | 3114 ||| Stepping ~*~*~tactically~*~*~ (hiding).
  3115 | D:3      | 3115 ||| Stepping ~*~*~tactically~*~*~ (hiding).
  3117 | D:3      | 3117 ||| Stepping ~*~*~tactically~*~*~ (hiding).
  3342 | D:3      | 3342 ||| READING scroll labelled ONLURE KUBLEENK.
  3343 | D:3      | 3343 ||| READING scroll labelled ROVOSU GASUTZ.
  3344 | D:3      | 3344 ||| DRINKING 3 yellow potions.
  3345 | D:3      | 3345 ||| DRINKING 2 silvery potions.
  3346 | D:3      | 3346 ||| DROPPING 2 potions of invisibility.
  3484 | D:4      | 3484 ||| Stepping ~*~*~tactically~*~*~ (hiding).
  3681 | D:4      | Reached skill level 3 in Armour
  3889 | D:4      | 3889 ||| Stepping ~*~*~tactically~*~*~ (stealth).
  3906 | D:4      | 3906 ||| INVOKING Fiery Armour.
  3908 | D:4      | HP: 8/37 [orc priest/+0 dagger (3)]
  3909 | D:4      | 3909 ||| READING scroll of teleportation.
  3910 | D:4      | 3910 ||| DRINKING potion of heal wounds.
  3912 | D:4      | Reached XP level 7. HP: 24/42 MP: 8/8
  4127 | D:4      | Found a bloodstained altar of Trog.
  4296 | D:4      | Noticed Edmund
  4318 | D:4      | 4318 ||| INVOKING Fiery Armour.
  4320 | D:4      | HP: 5/43 [Edmund/+2 flail of protection (7)]
  4322 | D:4      | HP: 2/43 [Edmund/+2 flail of protection (3)]
  4324 | D:4      | Slain by Edmund

Levels and vault maps discovered:
D:1:      psy_arrival_radial02, layout_basic,
          hellmonk_ecumenical_altar_arch_garden, hangedman_decor_growths,
          minmay_cut_off
D:2:      layout_basic, basic_altar, uniq_sigmund, uniq_natasha
D:3:      layout_basic, ebering_ghost_rock_garden, grunt_ministairs_11
D:4:      layout_loops_corners, trog_three_pillars_becter, abandoned_shop,
          uniq_edmund

Skill      XL: |  1  2  3  4  5  6  7 |
---------------+----------------------+-----
Axes           | 3 4 5 |  5.8
Armour         | 1 3 |  3.9
Fighting       | 4 |  4.2
Spellcasting   | |  1.0
Fire Magic     | |  3.0

Action                     |  1- 3 |  4- 6 |  7- 9 || total
---------------------------+-------+-------+-------++-------
  Melee: Hand axe          |   102 |    86 |    38 ||   226
         Punch             |       |     1 |       ||     1
  Throw: Boomerang         |    21 |    20 |     6 ||    47
 Invoke: Fiery Armour      |     2 |     2 |     1 ||     5
    Use: Scroll            |     5 |     3 |       ||     8
         Potion            |     1 |     4 |       ||     5
 Armour: Robe              |    24 |       |       ||    24
         Ring mail         |    17 |     2 |       ||    19
         Plate armour      |       |    59 |    14 ||    73
  Dodge: Dodged            |    60 |    24 |     9 ||    93

Table legend:
 A = Non-vault XP
 B = Vault XP
 C = Vault XP percentage of total XP
 D = Non-vault monster count
 E = Vault monster count
 F = Vault count percentage of total count
                 A         B        C        D         E       F
            +---------+---------+-------+---------+---------+-------
      Total |     438 |     261 |  37.3 |      65 |       8 |  11.0
            +---------+---------+-------+---------+---------+-------
        D:1 |      31 |       8 |  20.5 |      17 |       4 |  19.0
        D:2 |     138 |     250 |  64.4 |      25 |       2 |   7.4
        D:3 |      21 |       3 |  12.5 |      10 |       2 |  16.7
        D:4 |     248 |       0 |   0.0 |      13 |       0 |   0.0
            +---------+---------+-------+---------+---------+-------
